 Dungeon Crawl Stone Soup version 0.29-a0-824-gd827844252 (webtiles) character file.

Game seed: 315138310928125731

492 lesbiats the Digger (level 7, 0/41 HPs)
             Began as a Gargoyle Earth Elementalist on July 10, 2022.
             Was a Plaything of Xom.
             Slain by a gnoll
             ... wielding a +0 spear
             ... led by a gnoll bouda
              (3 damage)
             ... on level 5 of the Dungeon.
             The game lasted 00:22:36 (4212 turns).

lesbiats the Digger (Gargoyle Earth Elementalist)   Turns: 4212, Time: 00:22:38

Health: 0/41       AC: 13    Str: 12    XL:     7   Next: 14%
Magic:  11/14      EV: 11    Int: 17    God:    Xom [..*...]
Gold:   142        SH:  0    Dex: 10    Spells: 9/15 levels left

rFire   . . .      SeeInvis .   s - +5 dagger of Ointment {drain, Stlth+}
rCold   . . .      Faith    .   (no shield)
rNeg    + . .      Spirit   .   v - +0 leather armour
rPois   ∞          Reflect  .   (no helmet)
rElec   +          Harm     .   (no cloak)
rCorr   .          Rampage  .   y - +0 pair of gloves
Will    .....                   h - +0 pair of boots
Stlth   +++.......              (no amulet)
HPRegen 0.13/turn               m - +4 ring of protection
MPRegen 0.14/turn               (no ring)

@: mighty
A: sickness immunity, AC +4, negative energy resistance 1, electricity
resistance, torment resistance 1, petrification resistance, talons 1
a: Renounce Religion


You were on level 5 of the Dungeon.
You worshipped Xom.
You were a toy of Xom.
You visited 1 branch of the dungeon, and saw 5 of its levels.

You collected 142 gold pieces.

Inventory:

Hand Weapons
 c - a +0 dagger of electrocution
 e - a +0 dagger of flaming
 q - a +0 hand axe
 s - the +5 dagger of Ointment (weapon) {drain, Stlth+}
   (You found it on level 2 of the Dungeon)

   A truly terrible weapon, it drains the life of any living foe it strikes.
   Stlth:     It makes you more stealthy.
Missiles
 d - 64 stones
 g - 3 boomerangs
 x - a throwing net
Armour
 a - a +0 robe
 h - a +0 pair of boots (worn)
 v - a +0 leather armour (worn)
 y - a +0 pair of gloves (worn)
Jewellery
 m - a +4 ring of protection (left hand)
Wands
 C - a wand of flame (24)
Scrolls
 f - a scroll of magic mapping {unknown}
 i - a scroll of amnesia
 j - a scroll of immolation {unknown}
 k - 2 scrolls of fog {unknown}
 l - a scroll of blinking {unknown}
 p - a scroll of brand weapon {unknown}
 w - a scroll of fear {unknown}
 E - a scroll of enchant armour {unknown}
Potions
 b - 4 potions of magic
 n - 2 potions of degeneration
 o - 3 potions of brilliance
 r - 2 potions of curing
 t - 2 potions of berserk rage
 u - 2 potions of cancellation {unknown}
 z - a potion of resistance {unknown}
 A - a potion of might {unknown}
 B - 2 potions of flight
 D - a potion of lignification {unknown}


   Skills:
 + Level 3.4 Fighting
 - Level 1.5 Dodging
 - Level 2.2 Stealth
 * Level 4.8 Spellcasting
 + Level 2.3 Conjurations
 - Level 0.7 Transmutations
 + Level 5.4 Earth Magic


You had 9 spell levels left.
You knew the following spells:

 Your Spells              Type           Power      Damage    Failure   Level
a - Sandblast             Erth           44%        2d11      1%          1
b - Stone Arrow           Conj/Erth      34%        3d9       11%         3
c - Passwall              Tmut/Erth      11%        N/A       8%          2

Your spell library contained the following spells:

 Spells                   Type           Power      Damage    Failure   Level
 Conjure Flame            Conj/Fire      8%         6-21      34%         3
 Ignite Poison            Fire/Tmut/Pois 4%         N/A       45%         3
 Petrify                  Tmut/Erth      14%        N/A       45%         4
 Confusing Touch          Hex            4%         N/A       50%         3
 Sticky Flame             Conj/Fire      8%         2d3       75%         4
 Yara's Violent Unravell  Hex/Tmut       2%         3d3       99%         5
 Enfeeble                 Hex            2%         N/A       100%        7


Dungeon Overview and Level Annotations

Branches:
Dungeon (5/15)
 Temple: D:4-7

Altars:
Hepliaklqana
Nemelex Xobeh
Xom
Zin

Annotations:
D:5 Grinder


Innate Abilities, Weirdness & Mutations

You are immune to sickness and miasma.
Your stone body is resilient. (AC +4)
You are immune to poison.
You resist negative energy. (rN+)
You are resistant to electric shocks. (rElec)
You are resistant to unholy torment.
You are immune to petrification.
You have sharp toenails.


Message History

Aim: a gnoll, wielding a +0 whip (severely wounded, covering ground quickly, 83% to hit)
Okay, then.
Found a stone staircase leading down.
A hound comes into view.
You see here a scroll labelled ZEZE SATEMI.
The gnoll attacks as you move away! The gnoll hits you with a +0 whip.
* * * LOW HITPOINT WARNING * * *
Your attacks no longer feel as feeble.
The gnoll bouda calls upon its god to heal the gnoll.
The gnoll is healed somewhat.
You hear a shout!
The gnoll attacks as you move away! The gnoll closely misses you.
Xom's power almost touches on you for a moment.
You compulsively click the heels of your boots together three times.
The gnoll bouda barks out a call to the hunt!
The gnoll hits you but does no damage.
The gnoll hits you from afar with a +0 spear.
* * * LOW HITPOINT WARNING * * *
Grinder says, "Wait up."
Grinder blinks!
Found a plate armour.
The gnoll barely misses you.
The gnoll bouda gazes fiercely through you!
You feel your attacks grow feeble. The gnoll hits you but does no damage.
Okay, then.
Casting: Sandblast (safe; 1% risk of failure)
Confirm with . or Enter, or press ? or * to list all spells.
Aiming: Passwall (safe; 8% risk of failure)
Press: ? - help, Dir - move target, p - gnoll A rock wall.
The gnoll hits you but does no damage. The gnoll closely misses you.
You begin to meditate on the wall.
You continue meditating on the rock.
Your attacks no longer feel as feeble.
The gnoll is no longer moving quickly.
The gnoll hits you from afar with a +0 spear!
* * * LOW HITPOINT WARNING * * *
The gnoll hits you but does no damage.
The gnoll hits you from afar with a +0 spear.
You die...
Xom cackles wildly!

. ..... .# .....
.[. ....h### ....
........ >.....
.......#####......
.......#.g@.......
.......#..g.......
#..ggg##...... ##
##.g.g## ......
...##..?gl## .....
...........## .....
...#.[#..l..##.....
#..#..#............
......#....####


You could see a gnoll bouda, an iguana and 7 gnolls.

Vanquished Creatures
  A black bear (D:4)
  2 hounds
  A centaur skeleton (D:5)
  2 iguanas (D:4)
  Ijyb (D:4)
  Terence (D:3)
  4 gnolls
  7 adders
  A shadow imp (D:5)
  An ufetubus (D:4)
  2 worms
  2 dart slugs
  4 orcs
  9 bats
  7 endoplasms
  6 giant cockroaches
  7 goblins
  11 hobgoblins
  4 jackals
  2 quokkas (D:1)
  8 ball pythons
  6 frilled lizards
  10 kobolds
  5 rats
104 creatures vanquished.

Vanquished Creatures (others)
  15 plants (D:4)
15 creatures vanquished.

Grand Total: 119 creatures vanquished

Notes
Turn   | Place    | Note
-------+----------+-------------------------------------------
     0 | D:1      | lesbiats the Gargoyle Earth Elementalist began the quest
                  | for the Orb.
     0 | D:1      | Reached XP level 1. HP: 10/10 MP: 3/3
   249 | D:1      | Reached XP level 2. HP: 13/16 MP: 1/5
   704 | D:1      | Reached skill level 1 in Fighting
   730 | D:1      | Reached skill level 4 in Earth Magic
   731 | D:1      | Reached XP level 3. HP: 13/20 MP: 0/6
  1126 | D:1      | Found a faded altar of an unknown god.
  1139 | D:1      | Prayed at the altar of an unknown god.
  1139 | D:1      | Became a worshipper of Xom of Fickle Intent
  1281 | D:1      | Found a sparkling altar of Nemelex Xobeh.
  1408 | D:2      | XOM: silly message
  1449 | D:2      | Gained mutation: You have sharp toenails. [potion of
                  | mutation]
  1543 | D:2      | Learned a level 3 spell: Stone Arrow
  1665 | D:2      | XOM: silly message
  1722 | D:2      | Reached XP level 4. HP: 25/25 MP: 6/8
  1889 | D:2      | XOM: 1-stop teleportation journey
  1927 | D:2      | XOM: 8-stop teleportation journey
  2114 | D:2      | Learned a level 2 spell: Passwall
  2123 | D:2      | Identified the +5 dagger of Ointment {drain, Stlth+}
  2494 | D:3      | Noticed Terence
  2509 | D:3      | Killed Terence
  2510 | D:3      | Reached XP level 5. HP: 25/30 MP: 6/10
  2748 | D:3      | XOM: polymorph gnoll -> hound
  2750 | D:3      | Reached skill level 1 in Conjurations
  3231 | D:4      | Reached XP level 6. HP: 30/36 MP: 9/12
  3315 | D:4      | XOM: 1-stop teleportation journey
  3350 | D:4      | XOM: 1-stop teleportation journey
  3351 | D:4      | Noticed a black bear
  3353 | D:4      | XOM: enchant monster (good)
  3356 | D:4      | Noticed Ijyb
  3357 | D:4      | Killed a black bear
  3358 | D:4      | Reached skill level 5 in Earth Magic
  3371 | D:4      | Killed Ijyb
  3555 | D:4      | Found a hazy altar of Hepliaklqana.
  3566 | D:4      | XOM is BORED!
  3601 | D:4      | XOM: divination: detect creatures
  3840 | D:4      | Found a glowing silver altar of Zin.
  3894 | D:4      | Reached XP level 7. HP: 41/41 MP: 11/14
  4183 | D:5      | Entered Level 5 of the Dungeon
  4194 | D:5      | Noticed Grinder
  4200 | D:5      | XOM: potion effect (might)
  4207 | D:5      | XOM: silly message
  4212 | D:5      | Slain by a gnoll

Illustrated notes

Levels and vault maps discovered:
D:1:      dpeg_arrival_water_altar, layout_rooms,
          hellmonk_ecumenical_altar_heavens_door, skrybe_limestone_x,
          minmay_tall_x
D:2:      layout_loops_ring
D:3:      layout_rooms, roderic_batcave, uniq_terence
D:4:      layout_basic, nicolae_hepliaklqana_hazy_memory,
          overflow_temple_1_default, uniq_ijyb
D:5:      layout_cave_pools, mainiacjoe_overflow_boulevard,
          minmay_temple_entry_arrows, serial_undead, serial_undead_e,
          serial_undead_d, serial_undead_c, serial_undead_b, serial_shops,
          nicolae_shop_waterfront, corexii_shack, uniq_edmund,
          uniq_prince_ribbit1, uniq_grinder

Skill      XL: |  1  2  3  4  5  6 |
---------------+-------------------+-----
Fighting       | 1 2 3 |  3.4
Earth Magic    | 4 5 |  5.4
Spellcasting   | 3 4 |  4.8
Conjurations   | 1 2 |  2.3
Dodging        | |  1.5
Stealth        | |  2.2
Transmutations | |  0.7

Action                   |  1- 3 |  4- 6 |  7- 9 || total
-------------------------+-------+-------+-------++-------
Melee: Unarmed           |     6 |       |       ||     6
       Dagger            |    30 |    68 |    11 ||   109
       Punch             |       |     1 |       ||     1
 Cast: Sandblast         |    42 |    75 |     7 ||   124
       Passwall          |       |       |     1 ||     1
  Use: Scroll            |     4 |     3 |       ||     7
       Potion            |     1 |       |       ||     1
 Stab: Petrifying        |       |     1 |       ||     1
Armor: Robe              |    31 |     6 |       ||    37
       Leather armour    |       |    56 |    26 ||    82
Dodge: Dodged            |    52 |    72 |    14 ||   138

Table legend: (Time is in decaauts)
 A = Elapsed time spent in this place.
 B = Non-inter-level travel time spent in this place.
 C = Inter-level travel time spent in this place.
 D = Time resting spent in this place.
 E = Time spent auto-exploring this place.
 F = Levels seen in this place.
 G = Mean time per level.
                   A        B        C        D        E       F      G
               +--------+--------+--------+--------+--------+-----+--------+
         Total |   4338 |   3870 |    468 |    899 |   1951 |   5 |  867.6 |
       Dungeon |   4338 |   3870 |    468 |    899 |   1951 |   5 |  867.6 |
               +--------+--------+--------+--------+--------+-----+--------+

Top non-repeatable levels by time:
     D:1: 1377 daAuts
     D:2: 1043 daAuts
     D:4: 1033 daAuts
     D:3: 849 daAuts
     D:5: 33 daAuts
